 Dungeon Crawl Stone Soup version 0.26-a0-831-g7192265339 (console) character file.

Game seed: 8318205032566694769

102336 jejorda2 the Fencer (level 15, -1/216 HPs)
             Began as a Palentonga Fighter on Nov 15, 2020.
             Was the Champion of Trog.
             Slain by a redback (10 damage)
             ... on level 1 of the Spider Nest.
             The game lasted 01:46:53 (27892 turns).

jejorda2 the Fencer (Palentonga Fighter)           Turns: 27892, Time: 01:46:53

Health: -1/216     AC: 31    Str: 25    XL:     15   Next: 85%
Magic:  15/15      EV: 10    Int: 12    God:    Trog [******]
Gold:   2387       SH:  0    Dex: 13    Spells: 14/14 levels left

rFire    . . .     SeeInvis +   a - +3 double sword (vorpal)
rCold    . . .     Faith    +   c - +0 kite shield
rNeg     + . .     Spirit   .   M - +7 chain mail "Epiono" {+Blink rCorr}
rPois    +         Reflect  .   R - +2 helmet {Int+3}
rElec    .         Harm     .   J - scarf {shadows}
rCorr    +         Rampage  .   G - +2 pair of gloves {Dex+3}
MR       +++..                  (no barding)
Stlth    ..........             s - amulet of faith
HPRegen  1.46/turn              h - ring of positive energy
MPRegen  0.14/turn              K - ring of poison resistance

@: confused, berserking (expiring), regenerating (expiring), curled up, very
quick
A: large, rugged brown scales 3, see invisible, deformed body, roll 1, armoured
tail, reflexive curl
a: Rolling Charge, Berserk, Trog's Hand, Brothers in Arms, Renounce Religion,
Evoke Blink


You were on level 1 of the Spider Nest.
You worshipped Trog.
Trog was exalted by your worship.
You visited 4 branches of the dungeon, and saw 24 of its levels.
You visited the Abyss 1 time.
You also visited: Gauntlet, Ice Cave and Volcano.

You collected 2854 gold pieces.
You spent 467 gold pieces at shops.

Inventory:

Hand Weapons
 a - a +3 vorpal double sword (weapon)
 b - a +4 scimitar of flaming
 L - a +0 scimitar of holy wrath
Missiles
 i - 53 poisoned darts (quivered)
 n - 35 javelins
Armour
 c - a +0 kite shield (worn)
 D - a +2 chain mail of fire resistance
 G - a +2 pair of gloves of dexterity (worn)
 J - a scarf of shadows (worn)
 M - the +7 chain mail "Epiono" (worn) {+Blink rCorr}
   (You bought it in a shop on level 2 of the Orcish Mines)

   It lets you blink.
   It provides partial protection from all sources of acid and corrosion.
 R - a +2 helmet of intelligence (worn)
Jewellery
 h - a ring of positive energy (left hand)
 k - an uncursed ring of ice
 s - an amulet of faith (around neck)
 K - a ring of poison resistance (right hand)
 O - an uncursed ring of positive energy
Wands
 t - a wand of disintegration (24)
 u - a wand of acid (20)
 A - a wand of paralysis (10)
 E - a wand of polymorph (7)
 F - a wand of random effects (15)
 H - a wand of digging (3)
 P - a wand of iceblast (19)
Scrolls
 e - 3 scrolls of immolation
 g - 5 scrolls of remove curse
 j - 7 scrolls of teleportation
 m - 4 scrolls of magic mapping
 o - 16 scrolls of identify
 q - a scroll of summoning
 y - 2 scrolls of blinking
 B - 2 scrolls of enchant armour
 Q - a scroll of fog
Potions
 d - 5 potions of might
 f - 3 potions of attraction
 l - 7 potions of curing
 p - 4 potions of mutation
 r - 4 potions of flight
 v - 2 potions of lignification
 w - 5 potions of haste
 x - a potion of berserk rage
 z - 2 potions of ambrosia
 C - 6 potions of heal wounds
 I - 2 potions of magic
 N - a potion of resistance
Miscellaneous
 S - a condenser vane
 T - a tin of tremorstones (2/2)


   Skills:
 * Level 13.1 Fighting
 - Level 16.0 Long Blades
 + Level 9.3 Armour
 - Level 7.2 Dodging
 + Level 11.3 Shields
 + Level 7.9 Evocations


You had 14 spell levels left.
You didn't know any spells.
Your spell library was empty.

Dungeon Overview and Level Annotations

Branches:
Dungeon (15/15)            Temple (0/1) D:5            Lair (6/6) D:8
  Swamp (0/4) Lair:2       Spider (1/4) Lair:4        Slime (0/5) Lair:5
    Orc (2/2) D:10            Elf (0/3) Orc:2        Vaults (0/5) D:13
  IceCv (visited)         Volcano (visited)         Gauntlet (visited)
 Depths: D:15

Altars:
Dithmenos
Fedhas
Kikubaaqudgha
Makhleb
Nemelex Xobeh
Sif Muna
Trog
Vehumet
Xom
The Shining One
Beogh

Shops:
D:7 (   Orc:2 [:(([

Annotations:
Lair:5 2 transporters, sokol815's ghost, journeyman OpIE


Innate Abilities, Weirdness & Mutations

You are completely covered in rugged brown scales. (AC +3, +7% HP)
You have supernaturally acute eyesight. (SInv)
Armour fits poorly on your strangely shaped body.
You can roll at nearby foes to attack.
You have a long armoured tail.
You curl defensively after being hit.


Message History

The redback barely misses you. The redback closely misses you.
The wolf spider hits you but does no damage.
The wolf spider bites you.
* * * LOW HITPOINT WARNING * * *
You miss the redback.
The redback is severely wounded.
The tarantella bites you but does no damage.
The demonic crawler hits you but does no damage.
The demonic crawler closely misses you. The demonic crawler barely misses you.
The redback closely misses you.
Unknown command.
You barely miss the tarantella.
The redback bites you but does no damage.
The wolf spider closely misses you. The wolf spider bites you!
* * * LOW HITPOINT WARNING * * *
The tarantella bites you but does no damage.
Unknown command.
You miss the redback.
Your tail-slap misses the redback.
The redback misses you. The redback bites you!
You die...

.) .# #≈≈≈≈# ##≈# #.$..
.....#≈#≈≈≈≈≈##≈≈ ≈ #.
#....#.#.....#≈≈≈#≈≈≈#≈≈#≈≈ ...#
..s.#.#.##.°.#≈##..≈≈#≈≈≈## ##s#.
#.....#.#...#....#.≈≈≈≈≈≈≈ #..ss
#.#.............#..#≈#≈#≈≈
B.sss####...°..sB........(.###≈..
..ss#ss###.##.#sss#..#.#..#####..
#ss...s....##@s.##.....†.####.
#.#.^..#..†ss##.###.###......#
..#.##..####ss#..##### ##....^.
#....s #### #......# #...#.!
.^..## ##..#.## #####.. .#.?
###### ##. ## ## # #


You could see 2 demonic crawlers, 2 wolf spiders, a jumping spider, a
tarantella, 3 redbacks and a worker ant.

Vanquished Creatures
  Rupert (D:11)
  Kirke (Lair:5)
  The ghost of jejorda2 the Severer, a journeyman PaBe of Trog (Orc:2)
  2 orc warlords
  3 very ugly things (Abyss:1)
  Harold (Orc:1)
  10 hydras
  A vault guard (D:13)
  3 catoblepae (Lair:6)
  2 centaur warriors (D:13)
  3 two-headed ogres
  9 death yaks
  An orc high priest (Orc:2)
  3 tengu warriors
  A death scarab (Gauntlet)
  Urug (Lair:2)
  Nergalle (Orc:1)
  2 skeletal warriors (Volcano)
  A hell knight (Abyss:1)
  A phantasmal warrior (D:13)
  An unseen horror (Abyss:1)
  An anaconda skeleton (Volcano)
  A lindwurm (Lair:6)
  4 wolf spiders
  2 orc knights
  6 ugly things
  3 orc sorcerers (Orc:2)
  3 manticores
  A worldbinder (Abyss:1)
  2 oklob plants
  2 cyclopes
  11 elephants
  A smoke demon (Abyss:1)
  3 ice statues
  3 black mambas
  A frost giant skeleton (Abyss:1)
  4 torpor snails
  6 gargoyles
  Psyche (D:11)
  A tormentor (Abyss:1)
  11 komodo dragons
  9 cane toads
  3 rime drakes
  A hellwing (Abyss:1)
  8 ice devils (IceCv)
  2 demonic crawlers
  2 ancient zymes (Abyss:1)
  A jumping spider (Spider:1)
  2 polar bears
  6 trolls
  A meliai (shapeshifter) (Abyss:1)
  A hornet (Lair:4)
  3 harpy skeletons (Volcano)
  3 slime creatures (Lair:5)
  24 blink frogs
  8 dream sheep
  A raiju (Gauntlet)
  2 flying skulls (Volcano)
  A spriggan (Lair:4)
  An alligator skeleton (Volcano)
  2 ynoxinuls (Abyss:1)
  9 redbacks
  Sigmund (D:3)
  7 tarantellas
  2 wyverns
  46 yaks
  A golden eye (Abyss:1)
  2 large abominations (Abyss:1)
  A fire bat (shapeshifter) (D:13)
  3 basilisks
  A steam dragon (D:9)
  2 vampire mosquitoes (D:12)
  A neqoxec (Abyss:1)
  4 wargs
  A spectral cane toad (Gauntlet)
  A soldier ant (Spider:1)
  2 acid dragons
  15 water moccasins
  4 hell hounds (Abyss:1)
  33 orc warriors
  A spectral troll (Orc:2)
  A black bear (D:8)
  3 phantoms
  11 ice beasts
  8 ogres
  A necrophage (D:7)
  9 wolves
  2 centaurs
  A big kobold (D:13)
  15 bullfrogs
  4 scorpions
  A water moccasin skeleton (D:9)
  10 killer bees
  4 small abominations (Abyss:1)
  4 electric eels
  3 howler monkeys
  A spriggan skeleton (Volcano)
  2 troll skeletons (Volcano)
  A bullfrog zombie (D:7)
  A crimson imp (D:5)
  4 hounds
  5 jellies
  17 orc priests
  A bullfrog skeleton (D:8)
  2 centaur skeletons
  23 orc wizards
  2 iron imps (Abyss:1)
  Jessica (D:3)
  Terence (D:2)
  2 iguanas
  12 worker ants
  3 naga skeletons (Volcano)
  A hound zombie (D:9)
  A worker ant zombie (D:9)
  3 spectral orcs (Orc:2)
  8 gnolls
  11 adders
  12 white imps
  8 ufetubi
  3 orc simulacra (Orc:2)
  An adder zombie (D:8)
  An adder skeleton (D:9)
  3 worms
  6 leopard geckos
  81 orcs
  4 ball pythons
  8 bats
  8 hobgoblins
  3 jackals (D:1)
  8 quokkas
  7 frilled lizards
  6 goblins
  8 kobolds
  A leopard gecko skeleton (D:6)
  A quokka skeleton (D:9)
  7 rats
  2 bushes (D:13)
691 creatures vanquished.

Vanquished Creatures (collateral kills)
  A minotaur (Gauntlet)
  A death yak (Lair:6)
  2 oklob plants (Lair:5)
  A wolf spider (Spider:1)
  A blink frog (Lair:5)
  7 yaks
  3 water moccasins
  2 orc warriors (Orc:1)
  An orc wizard (Orc:1)
  5 orcs (Orc:1)
24 creatures vanquished.

Vanquished Creatures (others)
  A reaper (IceCv)
  A flying skull (Volcano)
  2 humans (Lair:5)
  A spectral ogre (Orc:2)
  4 white imps (IceCv)
  3 ufetubi (IceCv)
  An orc (D:9)
  36 fungi
  63 plants
112 creatures vanquished.

Grand Total: 827 creatures vanquished

Notes
Turn   | Place    | Note
-------+----------+-------------------------------------------
     0 | D:1      | jejorda2 the Palentonga Fighter began the quest for the
                  | Orb.
     0 | D:1      | Reached XP level 1. HP: 20/20 MP: 1/1
   122 | D:1      | Reached XP level 2. HP: 27/27 MP: 2/2
  1103 | D:2      | Reached XP level 3. HP: 10/33 MP: 3/3
  1376 | D:2      | Reached skill level 3 in Long Blades
  2031 | D:3      | Noticed Terence
  2049 | D:2      | Killed Terence
  2050 | D:2      | Reached XP level 4. HP: 33/40 MP: 4/4
  2149 | D:3      | HP: 2/40 [poisoned by a worker ant]
  2227 | D:3      | Reached skill level 4 in Long Blades
  2331 | D:3      | Found a bloodstained altar of Trog.
  2335 | D:3      | Became a worshipper of Trog the Wrathful
  2340 | D:3      | Found an ancient bone altar of Kikubaaqudgha.
  2427 | D:3      | Noticed Sigmund
  2622 | D:3      | Reached XP level 5. HP: 34/48 MP: 5/5
  2698 | D:3      | Killed Sigmund
  2699 | D:3      | Reached skill level 5 in Long Blades
  2699 | D:3      | Reached XP level 6. HP: 28/54 MP: 6/6
  2908 | D:3      | Found a shimmering blue altar of Sif Muna.
  2955 | D:3      | Found a shadowy altar of Dithmenos.
  2956 | D:3      | Noticed Jessica
  2959 | D:3      | Killed Jessica
  3659 | D:4      | Reached skill level 6 in Long Blades
  3692 | D:4      | Reached * piety under Trog
  3693 | D:4      | Gained mutation: You curl defensively after being hit.
                  | [Palentonga growth]
  3693 | D:4      | Reached XP level 7. HP: 49/60 MP: 7/7
  4012 | D:5      | Entered Level 5 of the Dungeon
  4103 | D:4      | Reached skill level 9 in Long Blades
  4103 | D:4      | Reached XP level 8. HP: 67/67 MP: 8/8
  4116 | D:4      | Reached skill level 12 in Long Blades
  4116 | D:4      | Reached XP level 9. HP: 73/73 MP: 9/9
  4238 | D:5      | Found a staircase to the Ecumenical Temple.
  4394 | D:5      | Reached skill level 13 in Long Blades
  4668 | D:5      | Found a burning altar of Makhleb.
  4672 | D:5      | Found a shimmering altar of Xom.
  5232 | D:7      | Found Zejin's Antique Weapon Shop.
  5573 | D:7      | Reached ** piety under Trog
  5771 | D:7      | Found a glowing golden altar of the Shining One.
  6197 | D:8      | Found a staircase to the Lair.
  6655 | D:8      | Reached XP level 10. HP: 81/83 MP: 10/10
  6835 | D:9      | Noticed a two-headed ogre
  6841 | D:9      | Killed a two-headed ogre
  7037 | D:9      | Reached *** piety under Trog
  7169 | D:9      | Found a sparkling altar of Nemelex Xobeh.
  7525 | D:9      | Found a bloodstained altar of Trog.
  8000 | D:10     | Entered Level 10 of the Dungeon
  8085 | D:10     | Noticed a two-headed ogre
  8096 | D:10     | Killed a two-headed ogre
  8097 | D:10     | Reached skill level 5 in Fighting
  8416 | D:10     | Reached **** piety under Trog
  8660 | D:10     | Reached skill level 14 in Long Blades
  8868 | D:10     | Reached XP level 11. HP: 92/94 MP: 11/11
  9034 | D:10     | Found a staircase to the Orcish Mines.
  9131 | D:7      | Bought a runed long sword for 201 gold pieces
  9185 | Lair:1   | Entered Level 1 of the Lair of Beasts
  9191 | Lair:1   | Noticed a seven-headed hydra
  9199 | Lair:1   | Killed a three-headed hydra
  9264 | Lair:1   | Found a frozen archway.
  9276 | Lair:1   | Reached skill level 5 in Armour
  9473 | IceCv    | Entered an ice cave
 10182 | IceCv    | Killed a reaper
 10539 | IceCv    | Got a faintly glowing demon trident
 10539 | IceCv    | Identified the +2 demon trident "Daggeif" {pain, rF- rN+
                  | Dex+2} (You found it in an ice cave)
 10790 | Lair:1   | Noticed a six-headed hydra
 10798 | Lair:1   | Killed a two-headed hydra
 11279 | Lair:1   | Reached ***** piety under Trog
 11505 | Lair:2   | Found a staircase to the Swamp.
 11570 | Lair:2   | Noticed Urug
 11578 | Lair:2   | Killed Urug
 11860 | Lair:2   | Found a radiant altar of Vehumet.
 11943 | Lair:2   | Noticed an eight-headed hydra
 11953 | Lair:2   | Killed a four-headed hydra
 11954 | Lair:2   | Reached XP level 12. HP: 52/110 MP: 12/12
 12487 | Lair:2   | Reached skill level 1 in Evocations
 12607 | Lair:2   | Reached skill level 1 in Dodging
 13239 | Lair:3   | Noticed a seven-headed hydra
 13247 | Lair:3   | Killed a two-headed hydra
 14167 | Lair:4   | Found a gate leading to a gauntlet.
 14196 | Gauntlet | Entered a Gauntlet
 14196 | Gauntlet | Found a transporter.
 14259 | Gauntlet | Found a transporter.
 14262 | Gauntlet | Found a transporter.
 14266 | Gauntlet | Found a runed translucent door.
 14270 | Gauntlet | Found a transporter.
 14273 | Gauntlet | Found a transporter.
 14273 | Gauntlet | Found a large runed translucent door.
 14273 | Gauntlet | Noticed a death scarab
 14274 | Gauntlet | Found a large runed translucent door.
 14275 | Gauntlet | Found a large runed translucent door.
 14275 | Gauntlet | Found a large runed translucent door.
 14275 | Gauntlet | Found a runed translucent door.
 14276 | Gauntlet | Found a large runed translucent door.
 14277 | Gauntlet | Found a large runed translucent door.
 14278 | Gauntlet | Found a large runed translucent door.
 14278 | Gauntlet | Found a large runed translucent door.
 14279 | Gauntlet | Found a runed translucent gate.
 14280 | Gauntlet | Noticed a death yak
 14281 | Gauntlet | Found a transporter.
 14285 | Gauntlet | Noticed a death yak
 14286 | Gauntlet | Noticed a death yak
 14286 | Gauntlet | Noticed a death yak
 14309 | Gauntlet | Found a runed translucent door.
 14343 | Gauntlet | Found a transporter.
 14361 | Gauntlet | Found a transporter.
 14362 | Gauntlet | Found a transporter.
 14374 | Gauntlet | Found a transporter.
 14375 | Gauntlet | Found a transporter.
 14376 | Gauntlet | Found a large runed translucent door.
 14377 | Gauntlet | Found a large runed translucent door.
 14378 | Gauntlet | Found a large runed translucent door.
 14378 | Gauntlet | Found a large runed translucent door.
 14378 | Gauntlet | Found a runed translucent door.
 14379 | Gauntlet | Found a large runed translucent door.
 14380 | Gauntlet | Found a large runed translucent door.
 14381 | Gauntlet | Found a large runed translucent door.
 14381 | Gauntlet | Found a large runed translucent door.
 14382 | Gauntlet | Found a runed translucent gate.
 14389 | Gauntlet | Found a runed translucent gate.
 14389 | Gauntlet | Found a transporter.
 14696 | Gauntlet | Killed a death scarab
 14697 | Gauntlet | Reached skill level 5 in Evocations
 14829 | Gauntlet | Got a pair of distressingly furry gloves
 15039 | Gauntlet | Noticed a minotaur
 15052 | Gauntlet | Killed a minotaur
 15076 | Gauntlet | Identified the cursed +0 pair of gloves "Jillukhlymaa"
                  | {*Drain +Inv rPois} (You found it in a Gauntlet)
 15677 | Lair:4   | Found a hole to the Spider Nest.
 15862 | Lair:4   | Reached skill level 5 in Dodging
 15862 | Lair:4   | Reached XP level 13. HP: 98/118 MP: 13/13
 16746 | Lair:5   | Received a gift from Trog
 16833 | Lair:5   | Noticed Kirke
 16842 | Lair:5   | Killed Kirke
 16880 | Lair:5   | Found a dark tunnel.
 16890 | Volcano  | Entered a volcano
 17775 | Lair:5   | Reached skill level 15 in Long Blades
 17932 | Lair:5   | Found a transporter.
 17934 | Lair:5   | Found a transporter.
 17936 | Lair:5   | Identified the cursed +0 demon trident of Wyrd {antimagic,
                  | MR+ SInv}
 17939 | Lair:5   | Noticed sokol815's ghost (journeyman OpIE)
 17959 | Lair:5   | Identified the +5 trident "Ogunuwk" {vorpal, *Corrode +Rage
                  | rElec rPois}
 18018 | Lair:5   | Found a staircase to the Slime Pits.
 18928 | Lair:5   | Identified Zuptopp's Reference Book on the Blistering
                  | Voyage
 19193 | Lair:6   | Entered Level 6 of the Lair of Beasts
 19247 | Lair:5   | Reached XP level 14. HP: 126/126 MP: 14/14
 19354 | Lair:6   | Reached skill level 16 in Long Blades
 19613 | Lair:6   | Reached skill level 10 in Shields
 19849 | Lair:6   | Reached skill level 10 in Fighting
 20124 | Lair:6   | Received a gift from Trog
 21632 | D:11     | Noticed Psyche
 21721 | D:11     | Killed Psyche
 22607 | D:12     | Noticed Rupert
 22630 | D:11     | Killed Rupert
 22781 | D:11     | Cast into level 1 of the Abyss (orc warrior)
 22951 | Abyss:1  | Reached XP level 15. HP: 128/139 MP: 15/15
 22971 | Abyss:1  | Found a corrupted altar of Lugonu.
 23078 | D:11     | Escaped the Abyss
 23470 | D:12     | You fall into a shaft and drop 3 floors!
 23470 | D:15     | Entered Level 15 of the Dungeon
 23684 | D:12     | You fall into a shaft and drop 2 floors!
 24067 | D:13     | Found a blossoming altar of Fedhas.
 24654 | D:13     | Found a gate to the Vaults.
 24827 | Orc:1    | Entered Level 1 of the Orcish Mines
 24891 | Orc:2    | Entered Level 2 of the Orcish Mines
 24891 | Orc:2    | Noticed an orc warlord
 24903 | Orc:1    | Killed an orc warlord
 24988 | Orc:2    | Found a roughly hewn altar of Beogh.
 24995 | Orc:2    | Received a gift from Trog
 25113 | Orc:2    | Found a runed translucent gate.
 25113 | Orc:2    | Found a runed translucent gate.
 25113 | Orc:2    | Found a runed translucent gate.
 25118 | Orc:2    | Noticed jejorda2's ghost (journeyman PaBe)
 25259 | Orc:2    | Found a roughly hewn altar of Beogh.
 25282 | Orc:2    | Found Kukkagos's Armour Shoppe.
 25355 | Orc:2    | Found a staircase to the Elven Halls.
 25383 | Orc:2    | Found a roughly hewn altar of Beogh.
 25392 | Orc:2    | Reached ****** piety under Trog
 25398 | Orc:2    | Found Hubuucy's Book Boutique.
 25652 | Orc:2    | Found a roughly hewn altar of Beogh.
 25683 | Orc:2    | Found Beonk's Antique Weapon Shop.
 25721 | Orc:2    | Found a roughly hewn altar of Beogh.
 25951 | Orc:2    | Killed jejorda2's ghost
 26047 | Orc:2    | Received a gift from Trog
 26048 | Orc:2    | Noticed an orc warlord
 26055 | Orc:2    | Killed an orc warlord
 26270 | Orc:2    | Found Umpoabea's Antique Armour Shop.
 26272 | Orc:2    | Found a roughly hewn altar of Beogh.
 26274 | Orc:2    | Found Jiatza's Antique Weapon Boutique.
 26292 | Orc:2    | Bought a slimy chain mail for 266 gold pieces
 26293 | Orc:2    | Identified the +7 chain mail "Epiono" {+Blink rCorr} (You
                  | bought it in a shop on level 2 of the Orcish Mines)
 26700 | Orc:1    | Noticed Harold
 26702 | Orc:1    | Noticed Nergalle
 26710 | Orc:1    | Killed Harold
 26727 | Orc:1    | Killed Nergalle
 27143 | Spider:1 | Entered Level 1 of the Spider Nest
 27582 | Lair:4   | Received a gift from Trog
 27891 | Spider:1 | HP: 8/216 [wolf spider (8)]
 27892 | Spider:1 | Slain by a redback

Illustrated notes

Levels and vault maps discovered:
D:1:      minmay_arrival_solitary_statue, layout_loops_corners, glass_columns_a
D:2:      layout_basic
D:3:      layout_loops_ring, lemuel_round_altar, minitemple,
          lemuel_doored_altar, hex_large, nrook_campfire, grunt_decor_cap,
          uniq_terence, uniq_sigmund, uniq_jessica
D:4:      layout_rooms, minmay_vboxes
D:5:      layout_loops_cross, grunt_temple_overflow_champion_of_chaos,
          minmay_temple_entry_butterflies
D:6:      layout_rooms
D:7:      layout_rooms, nicolae_tso_swordbearing_angel, serial_shops, shop
D:8:      layout_rooms, lair_entry_dummy, ebering_dispersal_statue_hall
D:9:      layout_loops_ring, nicolae_overflow_hidden_temple,
          david_defended_altar_orc
D:10:     layout_loops_ring, orc_0_dummy
D:11:     layout_basic, st_stairs_11, uniq_psyche
D:12:     layout_big_octagon, minmay_strange_pillars, item_on_display_a,
          uniq_rupert
D:13:     layout_roguey, david_vaults_4, fedhas_bush_and_centaur_altar
D:14:     layout_stronghold
D:15:     hangedman_depths_entry_civil_slaughter, layout_basic,
          serial_bayou_shore_b, serial_undead, serial_undead_d, serial_undead_d,
          serial_undead_f, serial_undead_e
Lair:1:   layout_gridlike, portal_ice_cave_entry_ice_beasts, st_stairs_9,
          minivault_23, grunt_forest_small_clearings, grunt_megastairs_2
Lair:2:   layout_layer_cave, swamp_mist, basic_altar, grunt_megastairs_3,
          uniq_urug
Lair:3:   layout_regular_city, serial_bayou_shore_a
Lair:4:   layout_concentric_octagons, spider_nest_entry_rubble,
          gauntlet_entry_generic, chequers_serial_rivers_marsh,
          grunt_forest_large_clearing_hut
Lair:5:   layout_misc_corridors, minmay_slime_entry_pillars, enter_volcano_4,
          gammafunk_ghost_wrathful_warriors, infiniplex_staircase_pool,
          minmay_lair_oklob_chamber, uniq_kirke
Lair:6:   evilmike_catoblepas_cave, layout_cave_pods, st_stairs_12
Spider:1: layout_spider_delve, drop_trap, minmay_another_anthill
Orc:1:    layout_diamond_mine, uniq_nergalle, uniq_harold
Orc:2:    grunt_orc_community_town_hall, layout_caves,
          grunt_orc_community_big_house_2, grunt_orc_community_big_house_2,
          grunt_orc_community_house_2, grunt_orc_community_house_2,
          grunt_orc_community_house_1, grunt_orc_community_house_2,
          serial_shops, shop, basic_altar, gammafunk_ghost_necromancy,
          mines3_lemuel

Skill      XL: |  1  2  3  4  5  6  7  8  9 10 11 12 13 14 15 |
---------------+----------------------------------------------+-----
Shields        | 3 4 9 10 11 | 11.3
Long Blades    | 3 4 5 6 9 12 13 14 15 16 | 16.0
Armour         | 3 4 7 8 9 |  9.3
Fighting       | 5 8 9 11 13 | 13.1
Evocations     | 6 7 |  7.9
Dodging        | 5 7 |  7.2

Action                   |  1- 3 |  4- 6 |  7- 9 | 10-12 | 13-15 || total
-------------------------+-------+-------+-------+-------+-------++-------
Melee: Long sword        |   131 |   160 |    84 |    72 |    18 ||   465
       Tailslap          |    11 |    18 |    36 |   120 |   222 ||   407
       Scimitar          |       |       |   161 |   712 |   125 ||   998
       Double sword      |       |       |       |       |  1097 ||  1097
Throw: Dart              |       |       |       |     2 |       ||     2
Invok: Berserk           |       |       |     4 |    12 |    11 ||    27
       Trog's Hand       |       |       |     1 |     5 |    11 ||    17
       Brothers in Arms  |       |       |       |     4 |     7 ||    11
 Abil: Rolling Charge    |    33 |    21 |    29 |    51 |   120 ||   254
       Evoke Blink       |       |       |       |       |     2 ||     2
Evoke: Wand              |       |       |     1 |     5 |     3 ||     9
       Tin of tremorston |       |       |       |       |     2 ||     2
       Condenser vane    |       |       |       |       |     1 ||     1
  Use: Potion            |       |     3 |     3 |       |     9 ||    15
       Scroll            |       |       |    18 |    11 |     9 ||    38
 Stab: Paralysed         |       |       |     1 |       |       ||     1
       Distracted        |       |       |       |     3 |     1 ||     4
       Held in net/web   |       |       |       |       |     1 ||     1
Armor: Scale mail        |    37 |    52 |    20 |       |       ||   109
       Plate armour      |       |       |    73 |    14 |       ||    87
       Chain mail        |       |       |       |   242 |   480 ||   722
       Crystal plate arm |       |       |       |     1 |       ||     1
Dodge: Dodged            |    31 |    62 |    24 |    93 |   320 ||   530
Block: Kite shield       |    43 |       |   134 |   292 |   620 ||  1089
       Buckler           |     4 |    31 |     4 |       |       ||    39
       Rpst.: Long sword |    12 |    17 |     3 |     1 |     2 ||    35
       Scimitar          |       |       |     4 |    21 |     6 ||    31
       Double sword      |       |       |       |       |    65 ||    65

Table legend: (Time is in decaauts)
 A = Elapsed time spent in this place.
 B = Non-inter-level travel time spent in this place.
 C = Inter-level travel time spent in this place.
 D = Time resting spent in this place.
 E = Time spent auto-exploring this place.
 F = Levels seen in this place.
 G = Mean time per level.
                   A        B        C        D        E       F      G
               +--------+--------+--------+--------+--------+-----+--------+
         Total |  27631 |  26015 |   1616 |   3834 |  16870 |  28 |  986.8 |
       Dungeon |  12157 |  11300 |    857 |   1073 |   8205 |  15 |  810.5 |
          Lair |   9960 |   9287 |    673 |    923 |   6785 |   6 | 1660.0 |
   Spider Nest |    203 |    203 |      0 |      0 |    122 |   1 |  203.0 |
  Orcish Mines |   2123 |   2038 |     85 |    235 |   1320 |   2 | 1061.5 |
         Abyss |    270 |    270 |      0 |      0 |      0 |   1 |  270.0 |
      Ice Cave |   1282 |   1282 |      0 |    856 |     26 |   1 | 1282.0 |
       Volcano |    767 |    767 |      0 |    405 |    101 |   1 |  767.0 |
      Gauntlet |    867 |    867 |      0 |    342 |    310 |   1 |  867.0 |
               +--------+--------+--------+--------+--------+-----+--------+

Top non-repeatable levels by time:
  Lair:6: 2104 daAuts
  Lair:4: 1994 daAuts
  Lair:5: 1940 daAuts
   Orc:2: 1700 daAuts
  Lair:2: 1625 daAuts
    D:10: 1346 daAuts
   IceCv: 1282 daAuts
     D:3: 1265 daAuts
     D:2: 1171 daAuts
  Lair:3: 1162 daAuts
  Lair:1: 1132 daAuts
    D:11: 1115 daAuts
     D:1: 1106 daAuts
     D:8: 1099 daAuts
     D:9: 1061 daAuts
